AoeStats
← 不爽就點

Arena

507568018Analyzed
1v1 RM · 12d ago on Sep 18, 2026· 34m 4s· 2 players
Game mode
Random Map
Map size
Tiny (2 player)
Population
200
Speed
Normal
Resources
Standard
Victory
Conquest
Starting age
Dark Age
Ending age
Imperial Age
RankedLock teamsTeams togetherTeam positionsShared explorationLock speedFull tech treeHidden civsTurbo modeCheats
Victory
Defeat
🇹🇼 Turks · Taiwan
1378
+34
🇬🇧 Burmese · United Kingdom
1372
-16
Rdog998
3:10 Loom
10:42 Feudal Age
14:27 Castle Age
13:38 Horse Collar
21:53 Wheelbarrow
21:04 Loom
24:01 Hand Cart
24:13 Town Watch
26:01 Stone Mining
26:28 Heavy Plow
26:44 Gold Mining
30:23 Imperial Age
29:20 Scale Barding Armor
30:39 Forging
31:10 Gold Shaft Mining
32:26 Chain Barding Armor
32:00 Fletching
31:51 Elite Battle Elephant
32:54 Bloodlines
32:46 Husbandry
33:53 Plate Barding Armor
不爽就點
11:23 Feudal Age
11:53 Double-Bit Axe
13:17 Horse Collar
15:46 Castle Age
16:45 Bow Saw
17:27 Wheelbarrow
20:42 Loom
21:35 Wheelbarrow
24:02 Hand Cart
24:09 Gold Mining
24:29 Heavy Plow
29:38 Imperial Age
27:03 Fletching
27:36 Ballistics
27:36 Padded Archer Armor
28:22 Gold Shaft Mining
27:48 Stone Mining
28:14 Bloodlines
28:04 Husbandry
27:47 Treadmill Crane
28:36 Bodkin Arrow
29:46 Leather Archer Armor
30:14 Thumb Ring
30:33 Bracer
31:04 Ring Archer Armor
31:09 Parthian Tactics
32:33 Two-Man Saw
31:15 Heavy Cavalry Archer
33:14 Bombard Tower
Connection lost

Rejoining the realm…

Still unreachable

The connection could not be restored.

Session expired

The server has moved on; the page needs a fresh start.